 Dungeon Crawl Stone Soup version 0.27-a0-695-gb4952372f7 (webtiles) character file.

Game seed: 8992031280111687722

4 Gaff the Vandal (level 1, 0/14 HPs)
             Began as a Halfling Hunter on Mar 22, 2021.
             Slain by a quokka (3 damage)
             ... on level 1 of the Dungeon.
             The game lasted 00:00:19 (249 turns).

Gaff the Vandal (Halfling Hunter)                    Turns: 249, Time: 00:00:19

Health: 0/14       AC:  3    Str: 13    XL:     1   Next: 66%
Magic:  1/1        EV: 14    Int:  9    God:
Gold:   9          SH:  0    Dex: 14    Spells: 0/0 levels left

rFire    . . .     SeeInvis .   b - +0 short sword
rCold    . . .     Faith    .   (shield restricted)
rNeg     . . .     Spirit   .   c - +0 leather armour
rPois    .         Reflect  .   (no helmet)
rElec    .         Harm     .   (no cloak)
rCorr    .         Rampage  .   (no gloves)
Will     .....                  (no boots)
Stlth    ++........             (no amulet)
HPRegen  0.04/turn              (no ring)
MPRegen  0.07/turn              (no ring)

@: no status effects
A: small, no large weapons, mutation resistance 1
a: no special abilities


You were on level 1 of the Dungeon.
You visited 1 branch of the dungeon, and saw 1 of its levels.

You collected 9 gold pieces.

Inventory:

Hand Weapons
 a - a +1 hunting sling
 b - a +0 short sword (weapon)
Missiles
 d - 20 sling bullets
 e - 4 stones (quivered)
Armour
 c - a +0 leather armour (worn)


   Skills:
 - Level 1.7 Fighting
 * Level 6.0 Slings
 - Level 2.1 Dodging
 + Level 1.3 Stealth


You couldn't memorise any spells.
You didn't know any spells.
Your spell library was empty.

Dungeon Overview and Level Annotations

Branches:
Dungeon (1/15)

Altars:


Innate Abilities, Weirdness & Mutations

You are small and have problems with some larger weapons.
You are somewhat resistant to further mutation.


Message History

The quokka bites you.
* * * LOW HITPOINT WARNING * * *
You hit the quokka.
The quokka is heavily wounded.
The quokka bites you but does no damage.
You closely miss the quokka.
The quokka is heavily wounded.
The quokka closely misses you. x2
You closely miss the quokka.
The quokka is moderately wounded.
The quokka misses you.
You closely miss the quokka.
The quokka is moderately wounded.
The quokka completely misses you.
You closely miss the quokka.
The quokka is moderately wounded.
The quokka closely misses you.
You barely miss the quokka.
The quokka is moderately wounded.
The quokka barely misses you. The quokka misses you.
You hit the quokka.
The quokka is severely wounded.
The quokka closely misses you.
You hit the quokka.
The quokka is almost dead.
The quokka closely misses you.
You closely miss the quokka.
The quokka is almost dead.
The quokka misses you. x2
You closely miss the quokka.
The quokka is almost dead.
The quokka barely misses you.
You barely miss the quokka.
The quokka is almost dead.
The quokka bites you.
* * * LOW HITPOINT WARNING * * *
You hit the quokka but do no damage.
The quokka is almost dead.
The quokka closely misses you. The quokka bites you.
You die...

#.#.. . #.#.. .##.#.#
...... #...######## .
#..........#
#..###...######.#######
......................#
..>....@r#####..#####.#
#######..# #.^# #.#
#..# #..# #.#
#..#####..# #.#
#.........# #.#
...#####.######.#
#...............#
...#####.######## #.#


You could see a quokka.

Vanquished Creatures
  A dart slug (D:1)
  A kobold (D:1)
2 creatures vanquished.

Notes
Turn   | Place    | Note
-------+----------+-------------------------------------------
     0 | D:1      | Gaff the Halfling Hunter began the quest for the Orb.
     0 | D:1      | Reached XP level 1. HP: 14/14 MP: 1/1
    34 | D:1      | Reached skill level 6 in Slings
   249 | D:1      | Slain by a quokka

Illustrated notes

Levels and vault maps discovered:
D:1:      saegor_arrival_simple_c, layout_basic, grunt_decor_resistance

Skill      XL: |  1 |
---------------+----+-----
Slings         | 6 |  6.0
Fighting       | |  1.7
Dodging        | |  2.1
Stealth        | |  1.3

Action                   || total
-------------------------++-------
Melee: Short sword       ||    25
Armor: Leather armour    ||     2
Dodge: Dodged            ||    18

Table legend: (Time is in decaauts)
 A = Elapsed time spent in this place.
 B = Non-inter-level travel time spent in this place.
 C = Inter-level travel time spent in this place.
 D = Time resting spent in this place.
 E = Time spent auto-exploring this place.
 F = Levels seen in this place.
 G = Mean time per level.
                   A        B        C        D        E       F      G
               +--------+--------+--------+--------+--------+-----+--------+
         Total |    249 |    249 |      0 |    164 |     48 |   1 |  249.0 |
       Dungeon |    249 |    249 |      0 |    164 |     48 |   1 |  249.0 |
               +--------+--------+--------+--------+--------+-----+--------+

Top non-repeatable levels by time:
     D:1: 249 daAuts
